 Dungeon Crawl Stone Soup version 0.24-a0-164-g56e1b8f (webtiles) character file.

Game seed: 0

225974 XanderDroid the Executioner (level 18, -2/171 HPs)
             Began as a Minotaur Berserker on Feb 28, 2019.
             Was the Champion of Trog.
             Drowned by a water nymph (13 damage)
             ... on level 4 of the Shoals on Mar 6, 2019.
             The game lasted 02:29:38 (35823 turns).

XanderDroid the Executioner (Minotaur Berserker)   Turns: 35823, Time: 02:29:39

Health: -2/171     AC: 30    Str: 30    XL:     18   Next: 63%
Magic:  17/17      EV: 19    Int: 14    God:    Trog [******]
Gold:   1647       SH:  0    Dex: 16    Spells: 17/17 levels left

rFire    + + .     SeeInvis +   a - +5 executioner's axe (chop)
rCold    . . .     Gourm    .   (shield currently unavailable)
rNeg     . . .     Faith    .   z - +3 plate armour {rPois}
rPois    +         Spirit   .   D - +2 hat {Int+3}
rElec    +         Reflect  .   G - +1 cloak of Insurance {rPois Int+7 SInv}
rCorr    +         Harm     .   F - +1 pair of gloves of the Learner {+Fly}
MR       +....                  y - +0 pair of boots "Colirr" {rElec rF+ Str+2 Dex+4}
Stlth    ..........             M - amulet of regeneration
HPRegen  0.78/turn              O - ring of protection from fire
MPRegen  0.15/turn              j - ring of resist corrosion

@: glowing, very slow
A: retaliatory headbutt, horns 2
}: 1/15 runes: gossamer
a: Berserk, Trog's Hand, Brothers in Arms, Renounce Religion, Evoke Flight


You were on level 4 of the Shoals.
You worshipped Trog.
Trog was exalted by your worship.
You were not hungry.

You visited 6 branches of the dungeon, and saw 32 of its levels.
You also visited: Ice Cave and Volcano.

You collected 3696 gold pieces.
You spent 2049 gold pieces at shops.

Inventory:

Hand Weapons
 a - a +5 executioner's axe of chopping (weapon)
 b - a +1 battleaxe of flaming
 d - a +7 antimagic battleaxe
Missiles
 f - 11 throwing nets (quivered)
Armour
 y - the +0 pair of boots "Colirr" (worn) {rElec rF+ Str+2 Dex+4}
   (You bought it in a shop on level 5 of the Dungeon)

   It affects your strength (+2).
   It affects your dexterity (+4).
   It protects you from fire.
   It insulates you from electricity.
 z - a +3 plate armour of poison resistance (worn)
 D - a +2 hat of intelligence (worn)
 F - the +1 pair of gloves of the Learner (worn) {+Fly}
   (You bought it in a shop on level 5 of the Dungeon)

   It lets you fly.
 G - the +1 cloak of Insurance (worn) {rPois Int+7 SInv}
   (You found it on level 2 of the Lair of Beasts)

   It affects your intelligence (+7).
   It protects you from poison.
   It lets you see invisible.
 L - the +2 robe of Vines {NoPotionHeal Regen+7}
   (You found it on level 3 of the Lair of Beasts)

   It increases your rate of regeneration.
Jewellery
 j - a ring of resist corrosion (right hand)
 k - an uncursed ring of positive energy
 M - an amulet of regeneration (around neck)
 O - a ring of protection from fire (left hand)
Wands
 i - a wand of disintegration (12)
 o - a wand of flame (13)
 p - a wand of iceblast (15)
 B - a wand of digging (17)
Scrolls
 g - 21 scrolls of remove curse
 h - 7 scrolls of teleportation
 r - a scroll of enchant armour
 s - 7 scrolls of immolation
 x - 9 scrolls of identify
 H - 6 scrolls of blinking
 I - 7 scrolls of enchant weapon
 K - a scroll of acquirement
 Q - 2 scrolls of brand weapon
Potions
 e - 6 potions of haste
 l - 10 potions of curing
 m - 3 potions of heal wounds
 n - 2 potions of invisibility
 u - 4 potions of lignification
 v - 2 potions of resistance
 A - 3 potions of mutation
 N - 11 potions of ambrosia
 P - 2 potions of cancellation
Miscellaneous
 q - a phantom mirror
Comestibles
 c - 58 rations
 t - 5 chunks of flesh


   Skills:
 + Level 17.9 Fighting
 * Level 23.5 Axes
 + Level 17.7 Armour
 + Level 16.5 Dodging


You had 17 spell levels left.
You didn't know any spells.
Your spell library was empty.

Dungeon Overview and Level Annotations

Branches:
Dungeon (15/15)            Temple (1/1) D:6            Lair (6/6) D:10
 Shoals (4/4) Lair:3       Spider (4/4) Lair:3        Slime (0/5) Lair:5
    Orc (2/2) D:10            Elf (0/3) Orc:2        Vaults (0/5) D:14
 Depths (0/5) D:15

Altars:
Ashenzari
Cheibriados
Dithmenos
Elyvilon
Fedhas
Gozag
Hepliaklqana
Kikubaaqudgha
Makhleb
Nemelex Xobeh
Okawaru
Qazlal
Ru
Sif Muna
Trog
Uskayaw
Vehumet
Wu Jian
Xom
Yredelemnul
Zin
The Shining One
Jiyva

Shops:
D:5 [   D:11 *   D:15 !*   Orc:1 [}(!   Orc:2 [(*:   Shoals:1 (


Innate Abilities, Weirdness & Mutations

You reflexively headbutt those who attack you in melee.
You have a pair of horns on your head.


Message History

The fauns go into a battle-frenzy!
You barely miss the faun. Your headbutt misses the faun.
The faun is heavily wounded.
Your surroundings suddenly seem different.
Splash!
You fall into the shallow water.
Moving in this stuff is going to be slow.
You are no longer entranced.
You are no longer terrified.
A water nymph comes into view.
The water nymph shouts!
The water nymph casts a spell at you. The water swirls and strikes you!
* * * LOW HITPOINT WARNING * * *
The water nymph casts a spell at you. The water swirls and strikes you!
* * * LOW HITPOINT WARNING * * *
You barely miss the water nymph.
Your unstable footing causes you to fumble your attack.
The water nymph touches you. The water nymph drowns you!
You die...

≈≈≈≈............... ≈
≈.........##+##......≈≈≈
#...(....## #.....≈≈≈
##?.≈....# #.......≈
)..≈....# #.....≈≈≈
..≈≈....# #.....≈≈≈
.≈≈≈..≈ ##≈≈≈..≈≈≈
≈≈≈≈≈#####≈≈.≈≈≈≈≈≈
≈≈≈≈≈≈≈≈@m≈≈≈≈≈≈≈≈.
≈≈≈≈≈≈≈≈≈≈≈≈≈≈≈≈≈..
≈≈≈≈≈≈≈≈≈≈≈≈≈≈≈≈≈..
≈≈≈≈≈≈≈≈≈≈≈≈≈≈≈≈≈..
≈≈≈≈≈≈≈≈≈≈≈≈≈≈≈≈≈..
≈≈≈≈≈≈≈≈≈≈≈≈≈≈≈≈≈..
≈≈≈≈≈≈≈≈≈≈≈≈≈≈≈≈≈..
≈≈≈≈≈≈≈≈≈≈≈≈≈≈≈≈≈≈≈


You could see a water nymph.

Vanquished Creatures
  Rupert (Spider:1)
  Jorgrun (Shoals:1)
  A kraken (Shoals:2)
  Gastronok (D:8)
  A sphinx (D:12)
  Agnes (D:15)
  11 emperor scorpions
  3 ghost moths
  An orc warlord (Orc:1)
  A war gargoyle (D:12)
  4 entropy weavers
  Azrael (Orc:2)
  A red draconian (Volcano)
  The ghost of Miucotz the Grappler, a journeyman TrMo of Makhleb (Lair:2)
  2 spark wasps (Spider:3)
  Snorg (Lair:5)
  2 merfolk javelineers (Shoals:1)
  Erolcha (D:9)
  A fire dragon (Lair:6)
  5 merfolk impalers
  The ghost of arkorax the Blocker, a journeyman FoFi of Cheibriados (D:12)
  A yaktaur captain (D:15)
  3 hydras
  A catoblepas (D:12)
  6 centaur warriors
  The ghost of Esoasiq the Carver, a journeyman DsGl of Hepliaklqana (Lair:2)
  2 merfolk avatars
  24 two-headed ogres
  7 dancing weapons (Spider:2)
  2 merfolk aquamancers (Shoals:2)
  A queen ant (Lair:6)
  5 death yaks (Lair:6)
  2 orc high priests (Orc:2)
  4 ogre magi
  Sonja (Lair:5)
  5 skeletal warriors
  A shadow wraith (D:12)
  A sea snake (Shoals:2)
  A flayed ghost (D:12)
  3 unseen horrors
  10 wizards (D:14)
  A lindwurm (Lair:6)
  A phantasmal warrior (D:12)
  20 harpies
  A wolf spider zombie (D:14)
  An oklob plant (Lair:6)
  16 orb spiders
  5 orc knights
  6 orc sorcerers (Orc:2)
  31 wolf spiders
  6 cyclopes
  3 deep elf magi (D:12)
  5 ugly things
  12 fauns
  8 manticores
  11 black mambas
  2 moths of wrath
  Maurice (D:13)
  6 elephants (Lair:5)
  4 water nymphs
  A gargoyle (D:12)
  4 merfolk sirens
  7 spiny frogs
  Psyche (D:8)
  2 torpor snails
  2 molten gargoyles (Lair:6)
  A rime drake (Lair:4)
  11 komodo dragons
  A redback zombie (D:15)
  14 demonic crawlers
  2 ice devils (IceCv)
  An anaconda simulacrum (IceCv)
  A komodo dragon (shapeshifter) (D:15)
  A kobold demonologist (D:14)
  4 freezing wraiths (IceCv)
  A golden dragon simulacrum (IceCv)
  A yaktaur (D:15)
  4 harpy zombies (Shoals:2)
  36 jumping spiders
  12 trolls
  17 merfolk
  12 hornets
  5 wind drakes
  3 polar bears
  Grinder (D:5)
  8 slime creatures
  15 dream sheep
  Prince Ribbit (D:8)
  10 hippogriffs
  14 blink frogs
  4 snapping turtles (Shoals:1)
  4 centaur simulacra
  A meliai zombie (D:15)
  Sigmund (D:5)
  33 tarantellas
  A vampire (D:12)
  77 redbacks
  2 wyverns
  12 yaks
  3 hogs (D:7)
  A dire elephant simulacrum (IceCv)
  5 basilisks
  A shadow (D:12)
  A human (D:7)
  5 wraiths
  A basilisk (shapeshifter) (D:14)
  5 water elementals
  A hungry ghost (D:13)
  2 fire elementals (Orc:2)
  3 steam dragons
  A vampire mosquito (D:12)
  2 harpy simulacra (IceCv)
  3 iron troll simulacra (IceCv)
  18 soldier ants (Lair:6)
  An acid dragon (D:12)
  6 wargs (Orc:2)
  9 porcupines
  A warg (shapeshifter) (D:12)
  10 hell hounds
  A hydra simulacrum (IceCv)
  8 water moccasins
  A spectral hornet (D:12)
  2 eyes of draining
  31 orc warriors
  4 ice beasts
  2 sky beasts
  A hornet zombie (D:7)
  2 phantoms
  A black bear (D:10)
  5 wolves
  18 centaurs
  The ghost of Wired the Insei, an amateur DsTm (D:3)
  23 ogres
  16 crocodiles
  6 big kobolds
  A hippogriff zombie (Shoals:2)
  2 wyvern zombies
  22 bullfrogs
  3 wyvern skeletons
  5 scorpions
  An elephant simulacrum (IceCv)
  4 wights (D:7)
  5 killer bees
  A vampire bat (Lair:6)
  3 howler monkeys
  17 electric eels
  5 crimson imps
  2 quasits
  5 lava snakes (Lair:6)
  7 centaur zombies
  5 bullfrog skeletons
  15 hounds
  22 orc priests
  A wyvern simulacrum (D:12)
  8 jellies
  27 orc wizards
  9 centaur skeletons
  A gnoll shaman (D:4)
  2 iguanas
  2 troll simulacra (IceCv)
  44 worker ants
  A hound zombie (D:6)
  Robin (D:3)
  A howler monkey skeleton (D:10)
  14 adders
  A river rat (D:3)
  4 gnolls (D:4)
  2 naga simulacra (IceCv)
  2 ogre simulacra (IceCv)
  5 shadow imps
  5 white imps (IceCv)
  9 ufetubi (IceCv)
  2 adder skeletons
  3 dart slugs
  5 leopard geckos
  63 orcs
  7 ball pythons
  A bat zombie (Shoals:2)
  9 giant cockroaches
  14 goblins
  11 hobgoblins
  5 jackals
  19 kobolds
  7 quokkas
  10 bats
  7 frilled lizards
  A leopard gecko skeleton (D:4)
  7 rats
  A bush (Lair:6)
  2 butterflies (D:11)
  5 fungi
  16 plants
  7 tentacles
1258 creatures vanquished.

Vanquished Creatures (others)
  An orb spider (Spider:4)
  A centaur skeleton (D:14)
  A redback (Spider:4)
  33 fungi
  7 plants
  6 tentacles
  4 withered plants (Lair:2)
53 creatures vanquished.

Grand Total: 1311 creatures vanquished

Notes
Turn   | Place    | Note
-------+----------+-------------------------------------------
     0 | D:1      | XanderDroid the Minotaur Berserker began the quest for the
                  | Orb.
     0 | D:1      | Reached XP level 1. HP: 19/19 MP: 0/0
   381 | D:1      | Reached XP level 2. HP: 24/27 MP: 1/1
   491 | D:1      | Reached skill level 4 in Axes
  1164 | D:2      | Found an ancient bone altar of Kikubaaqudgha.
  1197 | D:2      | Reached XP level 3. HP: 29/33 MP: 2/2
  1323 | D:2      | Reached ** piety under Trog
  1347 | D:2      | Found a blossoming altar of Fedhas.
  1435 | D:2      | Reached XP level 4. HP: 34/40 MP: 3/3
  1633 | D:2      | Found a shimmering altar of Xom.
  1718 | D:2      | Found a hazy altar of Hepliaklqana.
  2266 | D:3      | Reached skill level 5 in Axes
  2312 | D:3      | Found a shadowy altar of Dithmenos.
  2352 | D:3      | Noticed Robin
  2369 | D:3      | Killed Robin
  2369 | D:3      | Reached XP level 5. HP: 32/47 MP: 4/4
  2571 | D:3      | Reached *** piety under Trog
  2689 | D:3      | Found a runed translucent door.
  2692 | D:3      | Noticed Wired's ghost (amateur DsTm)
  2714 | D:3      | Killed Wired's ghost
  2721 | D:3      | Found a runed translucent door.
  2925 | D:4      | Reached XP level 6. HP: 42/55 MP: 5/5
  2932 | D:4      | Reached skill level 6 in Axes
  3193 | D:4      | Found a sparkling altar of Nemelex Xobeh.
  3248 | D:4      | Reached skill level 5 in Fighting
  3446 | D:4      | Reached XP level 7. HP: 38/61 MP: 6/6
  3779 | D:4      | Reached skill level 7 in Axes
  4176 | D:5      | Entered Level 5 of the Dungeon
  4246 | D:5      | Reached skill level 5 in Armour
  4257 | D:5      | Found Debref Ylips's Antique Armour Boutique.
  4553 | D:5      | Noticed Sigmund
  4559 | D:5      | Killed Sigmund
  4572 | D:5      | Reached skill level 8 in Axes
  4572 | D:5      | Reached XP level 8. HP: 68/70 MP: 7/7
  4588 | D:5      | Noticed Grinder
  4589 | D:5      | Identified the +11 mace of Xom's Condemnation {venom, -Tele
                  | rPois rN+ Int+8}
  4605 | D:4      | Reached skill level 5 in Dodging
  4731 | D:5      | Killed Grinder
  4747 | D:5      | Found a shimmering altar of Xom.
  4826 | D:5      | Bought a pair of ichor-stained boots for 266 gold pieces
  4838 | D:5      | Identified the cursed +0 pair of boots "Colirr" {rElec rF+
                  | Str+2 Dex+4} (You bought it in a shop on level 5 of the
                  | Dungeon)
  4943 | D:6      | Reached skill level 9 in Axes
  5292 | D:6      | Found a staircase to the Ecumenical Temple.
  5456 | Temple   | Entered the Ecumenical Temple
  6095 | D:6      | Reached **** piety under Trog
  6171 | D:7      | Reached XP level 9. HP: 79/79 MP: 8/8
  6191 | D:7      | Found a radiant altar of Vehumet.
  6274 | D:7      | Found a deep blue altar of Sif Muna.
  6276 | D:7      | Reached skill level 10 in Axes
  6446 | D:7      | Found a white marble altar of Elyvilon.
  6519 | D:7      | Found a bloodstained altar of Trog.
  6558 | D:7      | Found a shadowy altar of Dithmenos.
  7017 | D:7      | Reached skill level 11 in Axes
  7116 | D:8      | Found an ornate altar of the Wu Jian Council.
  7178 | D:8      | Noticed Gastronok
  7194 | D:8      | Killed Gastronok
  7194 | D:8      | Reached skill level 12 in Axes
  7194 | D:8      | Reached XP level 10. HP: 91/91 MP: 9/9
  7293 | D:8      | Found a stormy altar of Qazlal.
  7525 | D:8      | Noticed Prince Ribbit
  7535 | D:8      | Killed Prince Ribbit
  7718 | D:8      | Noticed Psyche
  7722 | D:8      | Killed Psyche
  8223 | D:9      | Noticed a two-headed ogre
  8230 | D:9      | Killed a two-headed ogre
  8419 | D:9      | Noticed a two-headed ogre
  8426 | D:9      | Killed a two-headed ogre
  8426 | D:9      | Reached XP level 11. HP: 99/99 MP: 10/10
  8433 | D:9      | Reached ***** piety under Trog
  8438 | D:9      | Reached skill level 13 in Axes
  8640 | D:9      | Found a sacrificial altar of Ru.
  8662 | D:9      | Noticed Erolcha
  8670 | D:9      | Killed Erolcha
  8670 | D:9      | Received a gift from Trog
  8670 | D:9      | Reached skill level 10 in Fighting
  9170 | D:5      | Bought a pair of smoking gloves for 266 gold pieces
  9191 | D:5      | Identified the +1 pair of gloves of the Learner {+Fly} (You
                  | bought it in a shop on level 5 of the Dungeon)
  9263 | D:10     | Entered Level 10 of the Dungeon
  9471 | D:10     | Found a staircase to the Lair.
  9481 | D:10     | Reached skill level 10 in Armour
  9675 | D:10     | Found a staircase to the Orcish Mines.
  9787 | D:10     | Found an opulent altar of Gozag.
  9812 | D:10     | Killed an unseen horror
 10000 | D:10     | Reached skill level 14 in Axes
 10327 | D:10     | Upgraded the game from 0.24-a0-136-gad582e5 to
                  | 0.24-a0-139-geb6712d
 10440 | D:11     | Received a gift from Trog
 10531 | D:11     | Noticed a two-headed ogre
 10534 | D:11     | Killed a two-headed ogre
 10654 | D:11     | Found a gate leading to a gauntlet.
 10878 | D:11     | Found Wuilubbo's General Store.
 10905 | D:11     | Bought a potion of curing for 33 gold pieces
 10905 | D:11     | Bought a scroll of identify for 22 gold pieces
 10905 | D:11     | Bought 2 throwing nets for 66 gold pieces
 10905 | D:11     | Bought a scroll of identify for 22 gold pieces
 11296 | D:11     | Reached XP level 12. HP: 105/110 MP: 11/11
 11299 | D:11     | Found a runed translucent door.
 11300 | D:11     | Found a runed translucent door.
 11317 | D:11     | Reached skill level 10 in Dodging
 11595 | D:11     | Bought a scroll of blinking for 82 gold pieces
 11632 | Lair:1   | Entered Level 1 of the Lair of Beasts
 11870 | Lair:1   | Found a dark tunnel.
 11875 | Volcano  | Entered a volcano
 11902 | Volcano  | Noticed a red draconian
 11931 | Volcano  | Killed a red draconian
 12000 | Volcano  | Noticed an ogre mage
 12000 | Volcano  | Noticed a two-headed ogre
 12001 | Volcano  | Noticed a two-headed ogre
 12027 | Volcano  | Killed a two-headed ogre
 12028 | Volcano  | Killed a two-headed ogre
 12028 | Volcano  | Reached skill level 15 in Axes
 12031 | Volcano  | Killed an ogre mage
 12094 | Volcano  | Noticed a two-headed ogre
 12104 | Volcano  | Killed a two-headed ogre
 12649 | Lair:1   | Upgraded the game from 0.24-a0-139-geb6712d to
                  | 0.24-a0-140-gcaa6c10
 12649 | Lair:1   | Upgraded the game from 0.24-a0-140-gcaa6c10 to
                  | 0.24-a0-160-gfa3a8d6
 13375 | Lair:2   | Found a runed translucent gate.
 13376 | Lair:2   | Found a runed translucent gate.
 13377 | Lair:2   | Found a runed translucent gate.
 13381 | Lair:2   | Noticed Miucotz's ghost (journeyman TrMo)
 13381 | Lair:2   | Noticed Esoasiq's ghost (journeyman DsGl)
 13935 | Lair:3   | Found a hole to the Spider Nest.
 14383 | Lair:3   | Found a staircase to the Shoals.
 14404 | Lair:3   | Reached skill level 16 in Axes
 14566 | Lair:3   | Found the +2 robe of Vines {NoPotionHeal Regen+7}
 14712 | Lair:4   | Noticed a four-headed hydra
 14721 | Lair:4   | Killed a one-headed hydra
 14755 | Lair:4   | Reached XP level 13. HP: 89/118 MP: 12/12
 15518 | Lair:5   | Found a viscous altar of Jiyva.
 15518 | Lair:5   | Found a staircase to the Slime Pits.
 15524 | Lair:5   | Noticed Sonja
 15541 | Lair:5   | Killed Sonja
 15694 | Lair:5   | Received a gift from Trog
 15872 | Lair:5   | Noticed Snorg
 15882 | Lair:5   | Killed Snorg
 16008 | Lair:5   | Reached skill level 17 in Axes
 16403 | Lair:6   | Entered Level 6 of the Lair of Beasts
 16843 | Lair:6   | Noticed an entropy weaver
 16866 | Lair:6   | Killed an entropy weaver
 16886 | Lair:6   | Noticed an entropy weaver
 16899 | Lair:6   | Killed an entropy weaver
 16899 | Lair:6   | Reached XP level 14. HP: 104/129 MP: 13/13
 16948 | Lair:6   | Reached ****** piety under Trog
 16972 | Lair:6   | Received a gift from Trog
 17342 | Lair:6   | Received a gift from Trog
 17355 | Lair:6   | Reached skill level 18 in Axes
 17819 | Lair:6   | Found a large runed translucent door.
 17966 | Lair:6   | Found a large runed translucent door.
 18100 | Lair:6   | Got a jewelled lajatang
 18101 | Lair:6   | Identified the +4 lajatang of Cataclysm {flame, rPois} (You
                  | found it on level 6 of the Lair of Beasts)
 18419 | Lair:2   | Killed Esoasiq's ghost
 18447 | Lair:2   | Killed Miucotz's ghost
 18475 | Lair:2   | Got a steaming cloak
 18476 | Lair:2   | Identified the +1 cloak of Insurance {rPois Int+7 SInv}
                  | (You found it on level 2 of the Lair of Beasts)
 18694 | D:12     | Found a bloodstained altar of Trog.
 18850 | D:12     | Found a transporter.
 19032 | D:12     | Found a transporter.
 19032 | D:12     | Noticed arkorax's ghost (journeyman FoFi)
 19376 | D:12     | Received a gift from Trog
 19497 | D:12     | Noticed a war gargoyle
 19500 | D:12     | Noticed a sphinx
 19513 | D:12     | Killed a war gargoyle
 19515 | D:12     | Killed a sphinx
 19893 | D:12     | Identified The Intricacies of Rites and Rhymes
 20114 | D:12     | Reached skill level 19 in Axes
 20356 | D:12     | Reached XP level 15. HP: 100/139 MP: 14/14
 20863 | D:13     | Noticed Maurice
 20869 | D:13     | Killed Maurice
 21398 | D:5      | Bought a warped plate armour for 784 gold pieces
 21409 | D:5      | Identified the cursed +0 plate armour of Nomics {rC+++
                  | Int-5 Slay-4 SInv} (You bought it in a shop on level 5 of
                  | the Dungeon)
 21519 | Orc:1    | Entered Level 1 of the Orcish Mines
 21586 | Orc:1    | Found Cerpheej's Distillery.
 21699 | Orc:1    | Bought a potion of curing for 51 gold pieces
 21699 | Orc:1    | Bought a potion of curing for 51 gold pieces
 21699 | Orc:1    | Bought a potion of haste for 170 gold pieces
 21964 | Orc:1    | Found Ciuptirr's Armour Boutique.
 21972 | Orc:1    | Found Tiusurof's Gadget Shop.
 21992 | Orc:1    | Bought a wand of flame (16) for 108 gold pieces
 21997 | Orc:1    | Found Jeapp's Antique Weapon Shop.
 22073 | Orc:2    | Entered Level 2 of the Orcish Mines
 22097 | Orc:2    | Received a gift from Trog
 22212 | Orc:2    | Paralysed by an orc sorcerer for 3 turns
 22216 | Orc:2    | Paralysed by an orc sorcerer for 3 turns
 22255 | Orc:2    | Noticed an orc warlord
 22348 | Orc:1    | Killed an orc warlord
 22607 | Orc:2    | Noticed Azrael
 22619 | Orc:2    | Killed Azrael
 22733 | Orc:2    | Found Biem's Antique Armour Shop.
 22734 | Orc:2    | Received a gift from Trog
 22843 | Orc:2    | Reached skill level 15 in Fighting
 22978 | Orc:2    | Found Xaeraxif's General Store.
 22987 | Orc:2    | Bought a scroll of identify for 28 gold pieces
 22987 | Orc:2    | Bought a scroll of remove curse for 42 gold pieces
 23046 | Orc:2    | Found a staircase to the Elven Halls.
 23099 | Orc:2    | Found Giafatt's Antique Weapon Emporium.
 23159 | Orc:2    | Found Gotwuama's Book Shoppe.
 23632 | D:14     | Reached skill level 20 in Axes
 23771 | D:14     | Reached skill level 15 in Armour
 24169 | D:14     | Found the +3 warlock's mirror {reflect}
 24535 | D:14     | Found a gate to the Vaults.
 24965 | D:15     | Entered Level 15 of the Dungeon
 25001 | D:14     | Reached XP level 16. HP: 140/149 MP: 15/15
 25020 | D:14     | Received a gift from Trog
 25032 | D:15     | Paralysed by an ogre mage for 3 turns
 25226 | D:15     | Found a viscous altar of Jiyva.
 25526 | D:15     | Found Ujus's Assorted Antiques.
 25544 | D:15     | Found Mofraub's Distillery.
 25545 | D:15     | Bought a scroll labeled REVYRUATORR for 25 gold pieces
 25548 | D:15     | Noticed Agnes
 25554 | D:15     | Killed Agnes
 25595 | D:15     | Bought a potion of lignification for 33 gold pieces
 25615 | D:15     | Received a gift from Trog
 25704 | D:15     | Found a staircase to the Depths.
 25943 | D:12     | Reached skill level 21 in Axes
 25955 | D:12     | Killed arkorax's ghost
 26163 | Spider:1 | Entered Level 1 of the Spider Nest
 26172 | Spider:1 | Noticed Rupert
 26187 | Spider:1 | Killed Rupert
 27208 | Spider:2 | Received a gift from Trog
 27304 | Spider:2 | Found a frozen archway.
 27460 | IceCv    | Entered an ice cave
 27916 | IceCv    | Reached skill level 15 in Dodging
 28418 | Spider:2 | Got a translucent dagger
 28419 | Spider:2 | Identified the +7 dagger of Boehijei {flame, rElec MP+9
                  | Str-3 SInv} (You found it on level 2 of the Spider Nest)
 28560 | Spider:2 | Found a runed translucent door.
 28600 | Spider:2 | Reached XP level 17. HP: 151/159 MP: 16/16
 28686 | Spider:2 | Received a gift from Trog
 28753 | Spider:2 | Got a jewelled ring mail
 28754 | Spider:2 | Identified the +1 ring mail of the Volcano {Str+4 SInv}
                  | (You found it on level 2 of the Spider Nest)
 29653 | Spider:3 | Reached skill level 22 in Axes
 30506 | Spider:3 | Upgraded the game from 0.24-a0-160-gfa3a8d6 to
                  | 0.24-a0-164-g56e1b8f
 30507 | Spider:4 | Entered Level 4 of the Spider Nest
 30588 | Spider:4 | Received a gift from Trog
 31433 | Spider:4 | HP: 7/161 [disintegration (30)]
 32246 | Spider:4 | Received a gift from Trog
 32687 | Spider:4 | Reached XP level 18. HP: 161/170 MP: 17/17
 32805 | Spider:4 | Got a gossamer rune of Zot
 32999 | Shoals:1 | Entered Level 1 of the Shoals
 33136 | Shoals:1 | Noticed Jorgrun
 33146 | Shoals:1 | Killed Jorgrun
 33146 | Shoals:1 | Reached skill level 23 in Axes
 33645 | Shoals:1 | Found Tiepohoss's Antique Weapon Boutique.
 33999 | Shoals:2 | Received a gift from Trog
 34506 | Shoals:2 | Received a gift from Trog
 35763 | Shoals:3 | Identified a scroll of acquirement
 35771 | Shoals:4 | Entered Level 4 of the Shoals
 35823 | Shoals:4 | Drowned by a water nymph

Levels and vault maps discovered:
D:1:      saegor_arrival_simple_d, layout_basic, serial_bayou_lagoon_a
D:2:      layout_basic, old_standard_altar, old_standard_altar,
          lemuel_coloured_pillars_altar, kiku_gazebo_garden_becter,
          bh_walls_and_bars
D:3:      layout_loops_ring, lemuel_crystal_altar, ebering_ghost_sewer_f,
          uniq_robin
D:4:      layout_loops_ring, nemelex_xobeh_ov_fountains_minmay,
          minmay_box_of_dots
D:5:      layout_cave_pools, serial_shops, shop, basic_altar, first_ration,
          uniq_grinder, uniq_sigmund
D:6:      minmay_chambers_of_threes, layout_basic, minmay_temple_entry_ruins,
          minmay_tree_intersection
D:7:      layout_rooms, lemuel_doored_altar, kennysheep_mini_moat,
          grunt_temple_overflow_open, basic_altar, grunt_livestock
D:8:      layout_basic, grunt_qazlal_clouds, serial_bayou, serial_bayou_pond_a,
          serial_bayou_shore_b, serial_bayou_lagoon_b, serial_bayou_pond_e,
          basic_altar, uniq_gastronok, uniq_psyche, uniq_prince_ribbit1
D:9:      layout_basic, nicolae_ru_awakened_eye, uniq_erolcha
D:10:     layout_stronghold, erik_lair_island, orc_0_dummy, basic_altar,
          minmay_misc_feat_pillars, onia_ninara_dug_in_and_dangerous
D:11:     lemuel_insect_pit, layout_stronghold, gauntlet_entry_generic,
          serial_shops, nicolae_shop_waterfront
D:12:     minmay_nested_s, layout_basic, gammafunk_ghost_mausoleum,
          grunt_ministairs_4, ebering_dispersal_statue_hall,
          trog_ov_bears_minmay
D:13:     layout_roguey, uniq_maurice
D:14:     minmay_smoke_and_mirrors, layout_loops_ring,
          hangedman_vaults_entry_quadrant_bands, minmay_bent
D:15:     grunt_enter_depths_snipers, layout_small_grid, serial_shops, shop,
          shop, chequers_arboretum, jiyva_altar_1, uniq_agnes
Temple:   minmay_temple_curvy_loop
Lair:1:   layout_loops_ring, enter_volcano_4, hangedman_lair_unloving_vines,
          serial_bayou_pond_c
Lair:2:   layout_cave_pods, gammafunk_ghost_cemetery
Lair:3:   layout_cave_pods, elwin_shoals_entry_stream,
          nicolae_spider_entry_tight_spaces, grunt_megastairs_1
Lair:4:   layout_misc_corridors, minmay_holes, grunt_megastairs_2,
          serial_bayou_shore_a
Lair:5:   layout_small_grid, slime_altar_1, uniq_snorg, uniq_sonja
Lair:6:   cheibrodos_lair_end_hotspot, layout_gridlike, roderic_batcave,
          zaba_anthell
Shoals:1: layout_shoals, serial_shops, shop, uniq_jorgrun
Shoals:2: layout_shoals, abandoned_shop, nicolae_shoals_undead_eyrie
Shoals:3: layout_shoals, nicolae_shoals_aquamancer_cove
Shoals:4: shoals_end_simple, layout_shoals
Spider:1: layout_spider_delve, spiders_nest_hornet_nest, uniq_rupert
Spider:2: cheibrodos_spider_deadly_dance, portal_ice_cave_entry_pillars_1
Spider:3: layout_spider_delve, drop_trap, hangedman_spider_tarantella_strand
Spider:4: grunt_spider_rune_circles, nicolae_spider_nook
Orc:1:    layout_caves, serial_shops, shop, shop, shop, shop
Orc:2:    grunt_orc_gardens, layout_diamond_mine, grunt_orc_garden,
          grunt_orc_garden, grunt_orc_garden, grunt_orc_garden, uniq_azrael
IceCv:    ice_cave_caverns_01
Volcano:  volcano_pools

Skill      XL: |  1  2  3  4  5  6  7  8  9 10 11 12 13 14 15 16 17 18 |
---------------+-------------------------------------------------------+-----
Axes           | 4 5 6 8 9 12 14 16 17 19 20 21 22 23 | 23.5
Fighting       | 4 5 6 7 9 11 12 13 14 15 16 17 | 17.9
Armour         | 3 4 5 6 8 9 10 11 13 14 15 16 17 | 17.7
Dodging        | 3 4 6 7 8 9 11 12 13 14 15 16 | 16.5

Action                   |  1- 3 |  4- 6 |  7- 9 | 10-12 | 13-15 | 16-18 || total
-------------------------+-------+-------+-------+-------+-------+-------++-------
Melee: Hand axe          |    77 |    16 |       |       |       |       ||    93
       Headbutt          |     9 |    21 |    53 |   110 |   212 |   250 ||   655
       War axe           |       |   106 |   226 |   120 |       |       ||   452
       Battleaxe         |       |       |       |   147 |     9 |    11 ||   167
       Executioner's axe |       |       |       |   175 |   907 |  1007 ||  2089
       Glaive            |       |       |       |     5 |       |       ||     5
Invok: Berserk           |       |       |     3 |     4 |     2 |     3 ||    12
Evoke: Wand              |       |       |       |     2 |     7 |     8 ||    17
  Use: Scroll            |       |     1 |     5 |    19 |    12 |    14 ||    51
       Potion            |       |       |       |     1 |     1 |     3 ||     5
  Eat: Chunk             |     2 |     6 |    11 |    26 |    25 |    32 ||   102
       Ration            |       |       |     1 |     1 |     3 |     2 ||     7
Armor: Animal skin       |     9 |       |       |       |       |       ||     9
       Ring mail         |     9 |     9 |       |       |       |       ||    18
       Chain mail        |       |    56 |    58 |       |       |       ||   114
       Plate armour      |       |       |    93 |   275 |   540 |   893 ||  1801
Dodge: Dodged            |    54 |    58 |   135 |   313 |   786 |  1298 ||  2644

Table legend:
 A = Non-vault XP
 B = Vault XP
 C = Vault XP percentage of total XP
 D = Non-vault monster count
 E = Vault monster count
 F = Vault count percentage of total count
                 A         B        C        D         E       F
            +---------+---------+-------+---------+---------+-------
      Total |  204532 |  140404 |  40.7 |     792 |     438 |  35.6
            +---------+---------+-------+---------+---------+-------
        D:1 |      33 |       0 |   0.0 |      16 |       0 |   0.0
        D:2 |      87 |       0 |   0.0 |      28 |       0 |   0.0
        D:3 |      72 |     177 |  71.1 |      17 |      16 |  48.5
        D:4 |     475 |     180 |  27.5 |      21 |       2 |   8.7
        D:5 |     319 |     495 |  60.8 |       5 |       2 |  28.6
        D:6 |     667 |     293 |  30.5 |      12 |       7 |  36.8
        D:7 |    1279 |    1019 |  44.3 |      20 |       5 |  20.0
        D:8 |     842 |    2916 |  77.6 |      19 |       3 |  13.6
        D:9 |    3838 |    1048 |  21.4 |      28 |       1 |   3.4
       D:10 |    3234 |    1173 |  26.6 |      49 |      11 |  18.3
       D:11 |    4283 |     256 |   5.6 |      28 |       8 |  22.2
       D:12 |    7233 |   19380 |  72.8 |      27 |      67 |  71.3
       D:13 |    8623 |     472 |   5.2 |      30 |       1 |   3.2
       D:14 |    6823 |   13628 |  66.6 |      19 |      33 |  63.5
       D:15 |   19885 |    4737 |  19.2 |      40 |       8 |  16.7
     Lair:1 |     887 |       0 |   0.0 |       5 |       0 |   0.0
     Lair:2 |    1747 |    2171 |  55.4 |      11 |       2 |  15.4
     Lair:3 |    1100 |    4555 |  80.5 |       5 |      15 |  75.0
     Lair:4 |    6519 |     355 |   5.2 |      25 |       3 |  10.7
     Lair:5 |    8811 |    1930 |  18.0 |      33 |       2 |   5.7
     Lair:6 |   11766 |   15670 |  57.1 |      33 |      81 |  71.1
   Shoals:1 |   15841 |    2712 |  14.6 |      32 |       1 |   3.0
   Shoals:2 |   20592 |    1358 |   6.2 |      37 |       6 |  14.0
   Shoals:3 |   10080 |       0 |   0.0 |      18 |       0 |   0.0
   Shoals:4 |    1207 |       0 |   0.0 |       2 |       0 |   0.0
   Spider:1 |   12439 |    4914 |  28.3 |      38 |       9 |  19.1
   Spider:2 |   17943 |    9119 |  33.7 |      48 |      20 |  29.4
   Spider:3 |   18455 |    1955 |   9.6 |      37 |       2 |   5.1
   Spider:4 |   12587 |   28486 |  69.4 |      34 |      54 |  61.4
      Orc:1 |    2078 |    1766 |  45.9 |      32 |       2 |   5.9
      Orc:2 |    4787 |   10625 |  68.9 |      43 |      34 |  44.2
      IceCv |       0 |    4318 | 100.0 |       0 |      38 | 100.0
    Volcano |       0 |    4696 | 100.0 |       0 |       5 | 100.0
            +---------+---------+-------+---------+---------+-------
